AoeStats
← [TYN] Shamburger

Arabia

509731054Analyzed
4v4 RM · 5d ago on Sep 27, 2026· 43m 26s· 8 players
Game mode
Random Map
Map size
Large (8 player)
Population
200
Speed
Normal
Resources
Standard
Victory
Conquest
Starting age
Dark Age
Ending age
Imperial Age
RankedLock teamsTeams togetherTeam positionsShared explorationLock speedFull tech treeHidden civsTurbo modeCheats
Victory
Defeat
🇩🇪 Gurjaras · Germany
1218
+13
🇦🇷 Saracens · Argentina
1193
+14
🇦🇷 Varangians · Argentina
1179
+15
🇨🇳 Ethiopians · China
1166
+15
🇳🇮 Japanese · Nicaragua
1176
-15
🇺🇸 Persians · United States
1165
-15
🇨🇿 Celts · Czechia
1154
-14
🇲🇽 Franks · Mexico
1116
-13
Evil Mechanic
9:49 Loom
11:55 Feudal Age
18:40 Castle Age
18:11 Forging
18:17 Bloodlines
23:24 Scale Barding Armor
25:43 Husbandry
30:11 Gold Mining
30:57 Wheelbarrow
30:08 Town Watch
30:09 Double-Bit Axe
30:04 Horse Collar
34:38 Hand Cart
35:14 Bow Saw
40:58 Heavy Plow
41:54 Iron Casting
41:59 Pikeman
42:41 Scale Mail Armor
[BuluC]Not_the_Viper
4:05 Loom
9:13 Feudal Age
13:14 Double-Bit Axe
15:51 Forging
22:30 Castle Age
20:34 Gold Mining
21:13 Scale Barding Armor
23:17 Husbandry
23:39 Chain Barding Armor
25:49 Wheelbarrow
25:30 Bow Saw
26:13 Iron Casting
32:30 Town Watch
39:20 Stone Mining
43:22 Imperial Age
lord_blandon
1:47 Loom
10:05 Feudal Age
14:46 Fletching
14:59 Double-Bit Axe
19:16 Town Watch
19:51 Padded Archer Armor
20:22 Gold Mining
24:27 Castle Age
22:49 Horse Collar
24:38 Wheelbarrow
23:49 Town Watch
24:30 Crossbowman
25:22 Thumb Ring
25:40 Bodkin Arrow
27:14 Town Patrol
39:31 Ballistics
42:22 Hand Cart
Prekvapko, tu Hanz
0:28 Loom
11:19 Feudal Age
17:08 Castle Age
18:57 Double-Bit Axe
19:12 Horse Collar
23:05 Scale Mail Armor
34:13 Fletching
38:00 Chain Mail Armor
40:21 Forging
40:27 Heavy Plow
40:39 Bow Saw
41:10 Wheelbarrow
40:24 Town Watch
42:02 Bodkin Arrow
42:09 Padded Archer Armor
Panzarx
6:45 Loom
6:50 Loom
9:14 Feudal Age
10:31 Double-Bit Axe
11:37 Horse Collar
15:51 Scale Barding Armor
17:34 Wheelbarrow
18:48 Gold Mining
20:14 Forging
22:07 Castle Age
21:07 Bloodlines
22:52 Husbandry
23:14 Chain Barding Armor
23:11 Bow Saw
24:19 Iron Casting
26:34 Hand Cart
28:08 Heavy Plow
30:57 Town Watch
32:04 Stone Mining
32:54 Gold Shaft Mining
37:04 Imperial Age
34:35 Fletching
35:06 Ballistics
34:49 Light Cavalry
35:52 Town Patrol
37:06 Heavy Camel Rider
37:10 Hussar
38:26 Plate Barding Armor
38:27 Crop Rotation
39:07 Kshatriyas
39:23 Frontier Guards
39:24 Conscription
40:05 Murder Holes
41:58 Siege Elephant
diudiudiu丶
6:38 Loom
9:17 Feudal Age
13:05 Double-Bit Axe
21:20 Castle Age
19:35 Horse Collar
21:08 Wheelbarrow
20:24 Gold Mining
20:48 Fletching
21:23 Crossbowman
22:14 Thumb Ring
22:43 Padded Archer Armor
23:43 Ballistics
27:08 Squires
27:05 Bodkin Arrow
27:25 Leather Archer Armor
38:02 Hand Cart
38:09 Stone Mining
44:36 Imperial Age
[TodEs] RastroJueves
4:02 Loom
10:33 Feudal Age
11:15 Double-Bit Axe
16:16 Fletching
19:18 Gold Mining
20:42 Wheelbarrow
23:14 Castle Age
22:33 Horse Collar
23:48 Padded Archer Armor
23:33 Crossbowman
24:10 Bodkin Arrow
28:04 Leather Archer Armor
28:49 Bow Saw
28:40 Heavy Plow
31:24 Thumb Ring
33:51 Ballistics
37:54 Imperial Age
39:03 Arbalester
[TYN] Shamburger
3:30 Loom
11:23 Feudal Age
14:21 Double-Bit Axe
16:01 Horse Collar
18:38 Forging
18:34 Scale Barding Armor
22:27 Castle Age
21:35 Town Watch
23:48 Bloodlines
24:59 Iron Casting
25:09 Wheelbarrow
25:24 Husbandry
29:39 Bow Saw
30:39 Chain Barding Armor
39:10 Fervor
39:02 Fletching
40:35 Gold Mining
40:36 Stone Mining
42:43 Hand Cart
Connection lost

Rejoining the realm…

Still unreachable

The connection could not be restored.

Session expired

The server has moved on; the page needs a fresh start.